 Dungeon Crawl Stone Soup version 0.26.0-11-g8f856b5395 (webtiles) character file.

Game seed: 7089895507077195383

3503 Kejsarherre the Blocker (level 10, 0/63 HPs)
             Began as a Formicid Fighter on Jan 15, 2021.
             Was a Believer of Okawaru.
             Slain by a yak (4 damage)
             ... on level 10 of the Dungeon.
             The game lasted 00:23:40 (9184 turns).

Kejsarherre the Blocker (Formicid Fighter)          Turns: 9184, Time: 00:23:41

Health: 0/63       AC:  7    Str: 21    XL:     10   Next: 28%
Magic:  10/10      EV: 10    Int: 11    God:    Okawaru [**....]
Gold:   599        SH: 13    Dex: 16    Spells: 9/9 levels left

rFire    . . .     SeeInvis +   a - +0 long sword
rCold    . . .     Faith    .   c - +0 kite shield
rNeg     . . .     Spirit   .   m - +4 ring mail
rPois    +         Reflect  .   (helmet unavailable)
rElec    +         Harm     .   (no cloak)
rCorr    .         Rampage  .   (no gloves)
Will     +....                  (no boots)
Stlth    +.........             w - amulet of the acrobat
HPRegen  0.20/turn              D - +6 ring of dexterity
MPRegen  0.12/turn              s - ring of poison resistance

@: no status effects
A: permanent stasis, dig shafts and tunnels, four strong arms, antennae 3, beak,
deformed body, frail 1, electricity resistance
a: Dig, Shaft Self, Renounce Religion, Heroism


You were on level 10 of the Dungeon.
You worshipped Okawaru.
Okawaru was pleased with you.
You visited 2 branches of the dungeon, and saw 10 of its levels.
You also visited: Ossuary.

You collected 599 gold pieces.

Inventory:

Hand Weapons
 a - a +0 long sword (weapon)
Armour
 b - a +0 scale mail
 c - a +0 kite shield (worn)
 m - a +4 ring mail (worn)
 x - a +0 plate armour
Jewellery
 s - a ring of poison resistance (right hand)
 w - an amulet of the acrobat (around neck)
 y - an uncursed amulet of magic regeneration
 D - a +6 ring of dexterity (left hand)
Wands
 z - a wand of iceblast (9)
 A - a wand of digging (4)
Scrolls
 h - 3 scrolls of teleportation {unknown}
 i - a scroll of fear {unknown}
 l - 3 scrolls of enchant armour {unknown}
 n - a scroll of amnesia {unknown}
 o - a scroll of immolation {unknown}
 p - 4 scrolls of remove curse {unknown}
 q - a scroll of enchant weapon {unknown}
 u - 2 scrolls of noise {unknown}
 v - a scroll of holy word {unknown}
 B - 2 scrolls of magic mapping {unknown}
Potions
 d - a potion of might
 f - 3 potions of resistance
 k - a potion of flight
 r - 2 potions of brilliance
 t - a potion of magic
 G - 2 potions of attraction


   Skills:
 - Level 3.2 Fighting
 + Level 10.1 Long Blades
 - Level 3.2 Armour
 + Level 12.1 Shields


You had 9 spell levels left.
You didn't know any spells.
Your spell library was empty.

Dungeon Overview and Level Annotations

Branches:
Dungeon (8/15)             Temple (1/1) D:7         Ossuary (visited)
   Lair: D:8-11

Altars:
Ashenzari
Gozag
Hepliaklqana
Makhleb
Nemelex Xobeh
Okawaru
Qazlal
Ru
Sif Muna
Trog
Uskayaw
Vehumet
Wu Jian
Yredelemnul
Zin

Shops:
D:5 (


Innate Abilities, Weirdness & Mutations

You cannot be hasted, slowed, berserked, paralysed or teleported.
You can dig through walls and to a lower floor.
Your four strong arms can wield two-handed weapons with a shield.
You have a pair of large antennae on your head. (SInv)
You have a beak for a mouth.
Armour fits poorly on your strangely shaped body.
You are frail. (-10% HP)
You are resistant to electric shocks. (rElec)


Message History

The yak is blasted!
You blow up the yak!
Okawaru accepts your kill.
Evoke which item? (* to show all) (? for menu, Esc to quit)
Aiming: Disintegrate
Press: ? - help, Shift-Dir - straight line, f - yak
Aim: a yak (chance to affect: 65%)
The yak struggles to resist.
You block the yak's attack.
Evoke which item? (* to show all) (? for menu, Esc to quit)
Aiming: Disintegrate
Press: ? - help, Shift-Dir - straight line, f/p - yak
Aim: a yak (chance to affect: 65%)
The yak is blasted!!
You block the yak's attack.
Evoke which item? (* to show all) (? for menu, Esc to quit)
Aiming: Disintegrate
Press: ? - help, Shift-Dir - straight line, f/p - yak
Aim: a yak (heavily wounded, chance to affect: 65%)
The yak struggles to resist.
The now-empty wand crumbles to dust.
The yak gores you.
You die...

.[.. .Y..#
..Y..### .......
.....{# #....Y##
.......##
......$.##########
.............YYY@#
..##.....#########
.. #.....#
.......### ....###
..... #.... ..


You could see 3 yaks.

Vanquished Creatures
  2 yaks (D:10)
  A wyvern (D:8)
  Duvessa (D:4)
  A water moccasin (D:7)
  A black bear (D:7)
  2 sky beasts (D:5)
  2 phantoms
  3 centaurs
  3 bullfrogs
  2 elf zombies (Ossuary)
  Dowan (D:4)
  11 killer bees
  A howler monkey (D:8)
  7 wights
  2 jellies
  A bullfrog zombie (D:5)
  3 centaur zombies
  3 hounds
  2 orc priests
  An iguana (D:5)
  3 orc wizards
  5 worker ants
  A big kobold zombie (Ossuary)
  3 hound zombies
  2 mummies (Ossuary)
  A howler monkey skeleton (D:6)
  7 adders
  A shadow imp (D:5)
  4 white imps
  2 ufetubi
  4 oozes
  2 worms
  A dart slug (D:1)
  3 leopard geckos
  19 orcs
  6 giant cockroaches
  5 goblins
  6 hobgoblins
  7 jackals
  5 kobolds
  A quokka (D:4)
  4 ball pythons
  6 bats
  7 frilled lizards
  A goblin zombie (Ossuary)
  8 hobgoblin zombies (Ossuary)
  A jackal skeleton (D:6)
  A jackal zombie (Ossuary)
  12 kobold zombies (Ossuary)
  9 orc zombies (Ossuary)
  A quokka skeleton (D:5)
  7 rats
  A rat zombie (Ossuary)
196 creatures vanquished.

Vanquished Creatures (collateral kills)
  A bullfrog (D:8)
  A wight (D:8)
2 creatures vanquished.

Vanquished Creatures (others)
  A killer bee zombie (D:8)
1 creature vanquished.

Grand Total: 199 creatures vanquished

Notes
Turn   | Place    | Note
-------+----------+-------------------------------------------
     0 | D:1      | Kejsarherre the Formicid Fighter began the quest for the
                  | Orb.
     0 | D:1      | Reached XP level 1. HP: 18/18 MP: 1/1
   143 | D:1      | Reached XP level 2. HP: 24/24 MP: 2/2
   153 | D:1      | Reached skill level 4 in Shields
   297 | D:1      | Found a shimmering blue altar of Sif Muna.
   520 | D:1      | Reached XP level 3. HP: 29/29 MP: 3/3
  1401 | D:3      | Reached XP level 4. HP: 34/35 MP: 4/4
  1589 | D:3      | Reached skill level 5 in Shields
  1917 | D:3      | Reached XP level 5. HP: 37/41 MP: 5/5
  2257 | D:4      | Noticed Duvessa
  2257 | D:4      | Noticed Dowan
  2717 | D:4      | Killed Duvessa
  2718 | D:4      | Reached skill level 6 in Shields
  2718 | D:4      | Reached XP level 6. HP: 26/47 MP: 6/6
  3260 | D:4      | Killed Dowan
  3407 | D:5      | Entered Level 5 of the Dungeon
  3462 | D:5      | Noticed a sky beast
  3487 | D:5      | Killed a sky beast
  3488 | D:5      | Reached skill level 5 in Long Blades
  3488 | D:5      | Reached XP level 7. HP: 31/52 MP: 7/7
  3729 | D:5      | Reached skill level 7 in Shields
  4011 | D:5      | Reached skill level 8 in Shields
  4011 | D:5      | Reached XP level 8. HP: 35/58 MP: 8/8
  4780 | D:5      | Found Inybofuu's Weapon Shoppe.
  5842 | D:6      | Reached skill level 9 in Shields
  6305 | D:7      | Found a staircase to the Ecumenical Temple.
  6318 | Temple   | Entered the Ecumenical Temple
  6575 | Temple   | Became a worshipper of Warmaster Okawaru
  6599 | D:7      | Reached XP level 9. HP: 47/64 MP: 9/9
  6832 | D:7      | Reached skill level 10 in Shields
  7223 | D:7      | Reached * piety under Okawaru
  8157 | D:8      | Found a sand-covered staircase.
  8162 | Ossuary  | Entered an ossuary
  8305 | Ossuary  | Reached skill level 11 in Shields
  8348 | Ossuary  | Reached ** piety under Okawaru
  8766 | D:8      | Gained mutation: You have a beak for a mouth. [potion of
                  | mutation]
  8766 | D:8      | Gained mutation: You are frail. (-10% HP) [potion of
                  | mutation]
  8766 | D:8      | Gained mutation: Armour fits poorly on your strangely
                  | shaped body. [potion of mutation]
  8766 | D:8      | Gained mutation: You are resistant to electric shocks.
                  | (rElec) [potion of mutation]
  8850 | D:8      | Reached XP level 10. HP: 31/63 MP: 10/10
  9127 | D:8      | Identified the ring "Ruoblipp" {*Slow rC++ MP+9 Int+3
                  | Slay+3}
  9152 | D:8      | HP: 2/60 [wight/+5 spear of freezing (3)]
  9160 | D:8      | You fall into a shaft and drop 2 floors!
  9160 | D:10     | Entered Level 10 of the Dungeon
  9168 | D:10     | HP: 1/62 [leopard gecko (4)]
  9179 | D:10     | Reached skill level 10 in Long Blades
  9179 | D:10     | Reached skill level 12 in Shields
  9184 | D:10     | Slain by a yak

Illustrated notes

Levels and vault maps discovered:
D:1:      dpeg_arrival_court, layout_basic, kennysheep_flooded_box,
          minmay_strange_pillars, minmay_shallow_snake_nest
D:2:      layout_basic
D:3:      layout_rooms
D:4:      layout_basic, uniq_duvessa
D:5:      layout_gridville, serial_shops, nicolae_shop_statue_plus
D:6:      layout_gridville, minivault_25
D:7:      layout_cave_pods, minmay_temple_entry_arrows
D:8:      minmay_the_grid_octo_tiled_squarecenter
          [minmay_the_grid_octo_checkerflower, minmay_the_grid_octo_concentric,
          minmay_the_grid_octo_checkered, minmay_the_grid_octo_fan_narrow,
          minmay_the_grid_square_5x5_megaprize_open,
          minmay_the_grid_square_5x5_two_walls_b,
          minmay_the_grid_square_5x5_moneybag,
          minmay_the_grid_square_5x5_n_small,
          minmay_the_grid_square_5x5_pentomino_r], layout_loops_ring,
          enter_ossuary_5, uniq_erica
D:10:     layout_cave_pools
Temple:   regret_index_temple_sigil_plot

Skill      XL: |  1  2  3  4  5  6  7  8  9 10 |
---------------+-------------------------------+-----
Shields        | 4 5 6 8 9 11 12 | 12.1
Long Blades    | 3 4 5 6 7 9 10 | 10.1
Fighting       | |  3.2
Armour         | |  3.2

Action                   |  1- 3 |  4- 6 |  7- 9 | 10-12 || total
-------------------------+-------+-------+-------+-------++-------
Melee: Long sword        |   127 |   111 |   575 |    50 ||   863
       Peck              |       |       |     4 |     9 ||    13
Throw: Dart              |       |     3 |       |       ||     3
Invok: Heroism           |       |       |       |     2 ||     2
 Abil: Shaft Self        |       |       |       |     1 ||     1
Evoke: Wand              |       |     3 |     3 |    15 ||    21
  Use: Scroll            |       |     6 |     4 |     1 ||    11
       Potion            |       |     1 |     4 |     5 ||    10
Armor: Scale mail        |    49 |       |       |       ||    49
       Ring mail         |     8 |    42 |   154 |     8 ||   212
Dodge: Dodged            |    37 |    37 |   195 |    31 ||   300
Block: Kite shield       |    74 |    49 |   308 |    34 ||   465
       Rpst.: Long sword |    13 |    14 |    68 |     4 ||    99
